 Dungeon Crawl Stone Soup version 0.26-a0-712-ga5a9c9c9d0 (webtiles) character file.

Game seed: 6864508019764937117

28 Azzok the Skirmisher (level 3, 28/29 HPs)
             Began as a Demonspawn Fighter on Nov 12, 2020.
             Quit the game on level 1 of the Dungeon.
             The game lasted 00:01:05 (815 turns).

Azzok the Skirmisher (Demonspawn Fighter)            Turns: 815, Time: 00:01:06

Health: 28/29      AC:  9    Str: 17    XL:     3   Next: 0%
Magic:  3/3        EV:  5    Int:  9    God:
Gold:   31         SH:  8    Dex: 12    Spells: 2/2 levels left

rFire    + . .     SeeInvis .   a - +0 flail
rCold    . . .     Faith    .   c - +0 kite shield
rNeg     . . .     Spirit   .   g - +0 chain mail
rPois    .         Reflect  .   (no helmet)
rElec    .         Harm     .   (no cloak)
rCorr    .         Rampage  .   (no gloves)
MR       .....                  (no boots)
Stlth    ..........             (no amulet)
HPRegen  0.09/turn              (no ring)
MPRegen  0.08/turn              (no ring)

@: no status effects
A: fire resistance 1, sanguine armour 1
a: no special abilities


You were on level 1 of the Dungeon.
You visited 1 branch of the dungeon, and saw 1 of its levels.

You collected 31 gold pieces.

Inventory:

Hand Weapons
 a - a +0 flail (weapon)
Armour
 c - a +0 kite shield (worn)
 g - a +0 chain mail (worn)
Scrolls
 b - a scroll of remove curse {unknown}
 f - a scroll of identify {unknown}
 h - a scroll of magic mapping {unknown}
 i - a scroll of enchant weapon {unknown}
Potions
 d - 2 potions of might
 e - a potion of curing {unknown}


   Skills:
 + Level 3.4 Fighting
 - Level 1.7 Maces & Flails
 + Level 3.1 Armour
 + Level 1.2 Dodging
 - Level 2.6 Shields


You had 2 spell levels left.
You didn't know any spells.
Your spell library was empty.

Dungeon Overview and Level Annotations

Branches:
Dungeon (1/15)

Altars:


Innate Abilities, Weirdness & Mutations

Your flesh is heat resistant. (rF+)
When seriously injured, your bleeding wounds create armour. (AC +0)


Message History

The hobgoblin is heavily wounded.
The hobgoblin hits you but does no damage.
Your shield prevents you from hitting the hobgoblin.
The hobgoblin is heavily wounded.
The hobgoblin hits you but does no damage.
The hobgoblin barely misses you.
You hit the hobgoblin.
The hobgoblin is almost dead.
The hobgoblin hits you but does no damage.
You hit the hobgoblin but do no damage.
The hobgoblin is almost dead.
The hobgoblin hits you but does no damage.
You hit the hobgoblin.
You kill the hobgoblin!
You have reached level 3!
Your experience leads to an increase in your attributes!
Increase (S)trength, (I)ntelligence, or (D)exterity?
You feel stronger.
Your demonic ancestry asserts itself...
You feel your blood ready itself to protect you.
Are you sure you want to abandon this character and quit the game? (Confirm with "yes".)

▒·▒
▒·▒·▒
▒·▒·▒
▒·▒·▒
▒·▒·▒
▒·▒·▒
▒·▒·▒
▒)▒·▒
▒·@·▒
▒▒▒▒▒


There were no monsters in sight!

Vanquished Creatures
  A gnoll (D:1)
  2 dart slugs (D:1)
  A goblin (D:1)
  5 hobgoblins (D:1)
  2 bats (D:1)
  3 kobolds (D:1)
  A rat (D:1)
15 creatures vanquished.

Notes
Turn   | Place    | Note
-------+----------+-------------------------------------------
     0 | D:1      | Azzok the Demonspawn Fighter began the quest for the Orb.
     0 | D:1      | Reached XP level 1. HP: 18/18 MP: 1/1
   237 | D:1      | Gained mutation: Your flesh is heat resistant. (rF+)
                  | [demonic ancestry]
   237 | D:1      | Reached XP level 2. HP: 18/24 MP: 2/2
   412 | D:1      | Reached skill level 1 in Dodging
   814 | D:1      | Gained mutation: When seriously injured, your bleeding
                  | wounds create armour. (AC +0) [demonic ancestry]
   814 | D:1      | Reached XP level 3. HP: 27/29 MP: 3/3
   815 | D:1      | Quit the game

Illustrated notes

Levels and vault maps discovered:
D:1:      grunt_arrival_lava_bath, layout_rooms, minmay_misc_feat_hallway,
          minmay_misc_feat_four_crosses

Skill      XL: |  1  2 |
---------------+-------+-----
Dodging        | 1 |  1.2
Armour         | 3 |  3.1
Fighting       | |  3.4
Maces & Flails | |  1.7
Shields        | |  2.6

Action                   || total
-------------------------++-------
Melee: Flail             ||    71
Armor: Scale mail        ||    11
       Chain mail        ||    42
Dodge: Dodged            ||     9
Block: Kite shield       ||    42

Table legend: (Time is in decaauts)
 A = Elapsed time spent in this place.
 B = Non-inter-level travel time spent in this place.
 C = Inter-level travel time spent in this place.
 D = Time resting spent in this place.
 E = Time spent auto-exploring this place.
 F = Levels seen in this place.
 G = Mean time per level.
                   A        B        C        D        E       F      G
               +--------+--------+--------+--------+--------+-----+--------+
         Total |    844 |    844 |      0 |    189 |    479 |   1 |  844.0 |
       Dungeon |    844 |    844 |      0 |    189 |    479 |   1 |  844.0 |
               +--------+--------+--------+--------+--------+-----+--------+

Top non-repeatable levels by time:
     D:1: 844 daAuts
